 Dungeon Crawl Stone Soup version 0.29.1-1-gd02db6906a (webtiles) character file.

Game seed: 3945245981670361720

773 christhawk the Trooper (level 7, -2/61 HPs)
             Began as a Ghoul Wanderer on Sept 25, 2022.
             Killed by divine providence
             ... invoked by an orc priest
              (10 damage)
             ... on level 5 of the Dungeon.
             The game lasted 00:11:56 (3423 turns).

christhawk the Trooper (Ghoul Wanderer)             Turns: 3423, Time: 00:11:56

Health: -2/61      AC: 10    Str: 18    XL:     7   Next: 83%
Magic:  9/9        EV: 11    Int: 10    God:
Gold:   141        SH:  0    Dex:  9    Spells: 10/10 levels left

rFire   . . .      SeeInvis .   a - +3 whip (elec)
rCold   + + +      Faith    .   (no shield)
rNeg    + + +      Spirit   .   l - +1 ring mail of the Valley of Death {rElec rC+ Will+++ Int-2}
rPois   ∞          Reflect  .   (no helmet)
rElec   +          Harm     .   o - +0 cloak
rCorr   .          Rampage  .   (no gloves)
Will    +++..                   e - +2 pair of boots
Stlth   ..........              (no amulet)
HPRegen 0.00/turn               f - ring of protection from cold
MPRegen 0.11/turn               j - +6 ring of intelligence

@: silenced (expiring), inhibited regen
A: claws 1, cold resistance 1, negative energy resistance 3, inhibited
regeneration, torment resistance 2, devour on kill
a: no special abilities


You were on level 5 of the Dungeon.
You visited 1 branch of the dungeon, and saw 5 of its levels.

You collected 231 gold pieces.
You spent 90 gold pieces at shops.

Inventory:

Hand Weapons
 a - a +3 whip of electrocution (weapon)
 b - a +2 sling of freezing
Missiles
 d - 4 boomerangs
 g - 3 curare-tipped darts (quivered)
Armour
 e - a +2 pair of boots (worn)
 l - the +1 ring mail of the Valley of Death (worn) {rElec rC+ Will+++ Int-2}
   (You found it on level 3 of the Dungeon)

   Int:       It affects your intelligence (-2).
   rC:        It protects you from cold.
   rElec:     It insulates you from electricity.
   Will:      It greatly increases your willpower.
 o - a +0 cloak (worn)
Jewellery
 f - a ring of protection from cold (left claw)
 j - a +6 ring of intelligence (right claw)
 p - an amulet of faith
Scrolls
 c - a scroll of silence
 i - 3 scrolls of butterflies
 n - a scroll of amnesia
Potions
 h - 3 potions of invisibility
 k - a potion of curing
 m - a potion of haste


   Skills:
 + Level 5.0 Fighting
 + Level 0.2 Short Blades
 + Level 2.7 Maces & Flails
 + Level 3.5 Ranged Weapons
 + Level 3.0 Throwing
 + Level 2.2 Armour
 + Level 3.1 Dodging
 + Level 1.3 Stealth
 + Level 1.1 Unarmed Combat
 + Level 2.1 Spellcasting
 + Level 1.0 Invocations


You had 10 spell levels left.
You didn't know any spells.
Your spell library contained the following spells:

 Spells                   Type           Power      Damage    Failure   Level
 Gell's Gravitas          Tloc           1%         N/A       85%         3
 Lesser Beckoning         Tloc           1%         N/A       85%         3
 Teleport Other           Tloc           1%         N/A       85%         3


Dungeon Overview and Level Annotations

Branches:
Dungeon (5/15)
 Temple: D:4-7

Altars:
Fedhas
Okawaru


Innate Abilities, Weirdness & Mutations

You are immune to poison.
You have sharp fingernails.
Your flesh is cold resistant. (rC+)
You are immune to negative energy. (rN+++)
You do not regenerate when monsters are visible.
You are immune to unholy pain and torment.
You thrive by killing the living.


Message History

The orc hits you but does no damage.
You hit the orc priest.
The orc priest is severely wounded.
The killer bee stings you but does no damage.
The hound pauses to sniff the ground.
The quokka misses you. The killer bee closely misses you.
The orc priest miscasts a cantrip.
The orc closely misses you. The orc priest closely misses you.
The orc hits you with a +3 dagger. The quokka bites you.
You hit the orc priest.
Lightning courses through the orc priest!
You kill the orc priest!
The killer bee stings you but does no damage. x2
The killer bee stings you.
The quokka bites you but does no damage.
The orc hits you with a +3 dagger. The orc hits you but does no damage.
You closely miss the killer bee.
The killer bee stings you but does no damage.
The killer bee closely misses you.
The quokka bites you but does no damage.
The killer bee closely misses you. x2; The orc hits you with a +3 dagger.
* * * LOW HITPOINT WARNING * * *
The orc hits you but does no damage.
You barely miss the killer bee. The killer bee misses you.
The killer bee stings you.
* * * LOW HITPOINT WARNING * * *
The quokka bites you but does no damage.
The killer bee misses you. The killer bee barely misses you.
The orc hits you with a +3 dagger.
* * * LOW HITPOINT WARNING * * *
The orc hits you but does no damage.
You miss the killer bee.
The killer bee stings you but does no damage.
The killer bee barely misses you. The quokka barely misses you.
The killer bee stings you.
* * * LOW HITPOINT WARNING * * *
The killer bee closely misses you. The orc hits you but does no damage. x2
The orc priest invokes the aid of Beogh against you.
Beogh smites you!
You die...

#...........(........
#....................
####..............(..<..
...............###.....
##...........## #.....
#...........# ######
##.)yh†......#
#..yoor......#
..=#oy@yh.....#
################


You could see 2 hounds, 4 killer bees, an orc priest, 2 orcs and a quokka.

Vanquished Creatures
  An ice beast (D:5)
  A black bear (D:5)
  3 phantoms
  A scorpion (D:4)
  A hound (D:4)
  3 orc priests
  An iguana (D:3)
  An orc wizard (D:5)
  4 adders
  A shadow imp (D:5)
  A white imp (D:5)
  A worm (D:4)
  3 dart slugs
  13 orcs
  7 ball pythons
  4 endoplasms
  3 hobgoblins
  3 jackals (D:4)
  5 quokkas
  A bat (D:2)
  3 frilled lizards
  2 goblins (D:2)
  8 kobolds
  4 rats
75 creatures vanquished.

Notes
Turn   | Place    | Note
-------+----------+-------------------------------------------
     0 | D:1      | christhawk the Ghoul Wanderer began the quest for the Orb.
     0 | D:1      | christhawk set off with the following items: a +3 dagger, 3
                  | curare-tipped darts, 2 scrolls of silence, a +0 leather
                  | armour.
     0 | D:1      | Reached XP level 1. HP: 19/19 MP: 0/0
   363 | D:1      | Reached XP level 2. HP: 27/27 MP: 1/1
   821 | D:2      | Reached XP level 3. HP: 26/33 MP: 2/2
   946 | D:2      | Found a faded altar of an unknown god.
  1034 | D:2      | Reached skill level 4 in Fighting
  1603 | D:3      | Reached XP level 4. HP: 28/40 MP: 3/3
  1849 | D:3      | Found an iron altar of Okawaru.
  1908 | D:3      | Identified the +1 ring mail of the Valley of Death {rElec
                  | rC+ Will+++ Int-2}
  2193 | D:4      | Found a blossoming altar of Fedhas.
  2207 | D:4      | Reached skill level 1 in Armour
  2207 | D:4      | Reached skill level 1 in Stealth
  2207 | D:4      | Reached skill level 1 in Spellcasting
  2315 | D:4      | Noticed a phantom
  2343 | D:4      | Killed a phantom
  2344 | D:4      | Reached skill level 1 in Maces & Flails
  2344 | D:4      | Reached skill level 1 in Ranged Weapons
  2344 | D:4      | Reached XP level 5. HP: 20/46 MP: 4/6
  2611 | D:4      | Reached XP level 6. HP: 46/53 MP: 7/7
  2863 | D:4      | Found Zin's Purification Station.
  2903 | D:4      | Bought a potion of curing for 90 gold pieces
  3156 | D:5      | Entered Level 5 of the Dungeon
  3160 | D:5      | Noticed an ice beast
  3168 | D:5      | Killed an ice beast
  3169 | D:5      | Reached XP level 7. HP: 60/60 MP: 7/9
  3397 | D:5      | Reached skill level 5 in Fighting
  3423 | D:5      | Killed from afar by an orc priest

Illustrated notes

Levels and vault maps discovered:
D:1:      dpeg_arrival_rhombi, layout_basic
D:2:      layout_loops_ring, basic_altar, ebering_ecumenical_altar_ruins
D:3:      wander_river, layout_loops_ring, lemuel_tele_altar
D:4:      layout_gridville, fedhas_ov_isle_minmay, zin_purify
D:5:      layout_rooms

Skill      XL: |  1  2  3  4  5  6  7 |
---------------+----------------------+-----
Throwing       | 3 |  3.0
Dodging        | 2 3 |  3.1
Fighting       | 4 5 |  5.0
Armour         | 1 2 |  2.2
Stealth        | 1 |  1.3
Spellcasting   | 1 2 |  2.1
Maces & Flails | 1 2 |  2.7
Ranged Weapons | 1 2 3 |  3.5
Short Blades   | |  0.2
Unarmed Combat | |  1.1
Invocations    | |  1.0

Action                   |  1- 3 |  4- 6 |  7- 9 || total
-------------------------+-------+-------+-------++-------
Melee: Dagger            |    25 |       |       ||    25
       Whip              |    40 |    76 |    75 ||   191
       Punch             |       |     1 |       ||     1
 Fire: Sling             |     8 |    58 |    17 ||    83
Throw: Dart              |     2 |       |       ||     2
  Use: Scroll            |     4 |     5 |     1 ||    10
       Potion            |     4 |     1 |     1 ||     6
Armor: Leather armour    |    26 |     4 |       ||    30
       Ring mail         |       |    19 |    78 ||    97
Dodge: Dodged            |    50 |    36 |    71 ||   157
